 Dungeon Crawl Stone Soup version 0.19-a0-1200-g056e253 (webtiles) character file.

126875 AlphabetPasta the Placeless Kobold (level 17, -1/104 HPs)
             Began as a Kobold Warper on Aug 17, 2016.
             Was a High Priest of Okawaru.
             Slain by a six-headed hydra (12 damage)
             ... on level 1 of the Swamp on Aug 19, 2016.
             The game lasted 05:37:16 (44964 turns).

AlphabetPasta the Placeless Kobold (Kobold Warper) Turns: 44964, Time: 05:37:16

Health: -1/104     AC:  9    Str: 13    XL:     17   Next: 54%
Magic:  13/31      EV: 24    Int: 18    God:    Okawaru [*****.]
Gold:   2005       SH:  3    Dex: 15    Spells: 7 memorised, 19 levels left

rFire  + + +     SeeInvis +     b - +5 arbalest (venom)
rCold  + + .     Gourm    .     g - +2 robe of the Thunderstorm {rPois rF+++ rC++ MP-9}
rNeg   . . .     Faith    .     (shield currently unavailable)
rPois  +         Spirit   .     M - +0 hat of Truth {Str-2 Int+5}
rElec  .         Dismiss  .     q - +0 cloak
rCorr  .         Reflect  +     w - +0 pair of gloves
MR     +....     Harm     .     j - +0 pair of boots
Stlth  +.........               J - +3 amulet of reflection
                                V - ring of see invisible
                                K - ring of magical power

@: no status effects
A: carnivore 3
a: Heroism, Finesse, Renounce Religion


You were on level 1 of the Swamp.
You worshipped Okawaru.
Okawaru was extremely pleased with you.
You were full.

You visited 5 branches of the dungeon, and saw 26 of its levels.

You collected 2646 gold pieces.
You spent 641 gold pieces at shops.

Inventory:

Hand Weapons
 a - a +3 rapier of venom
 b - a +5 arbalest of venom (weapon)
 e - the +6 dagger of Success {holy, rC+}
   (Okawaru gifted it to you on level 6 of the Lair of Beasts)

   It has been blessed by the Shining One to cause great damage to the undead
   and demons.
   It protects you from cold.
 P - a +0 falchion of flaming
Missiles
 k - 202 bolts (quivered)
Armour
 g - the +2 robe of the Thunderstorm (worn) {rPois rF+++ rC++ MP-9}
   (You found it on level 12 of the Dungeon)

   It renders you almost immune to fire.
   It greatly protects you from cold.
   It protects you from poison.
   It affects your magic capacity (-9).
 j - a +0 pair of boots (worn)
 q - a +0 cloak (worn)
 w - a +0 pair of gloves (worn)
 M - the +0 hat of Truth (worn) {Str-2 Int+5}
   (Okawaru gifted it to you on level 15 of the Dungeon)

   It affects your strength (-2).
   It affects your intelligence (+5).
Jewellery
 p - an uncursed ring of resist corrosion
 x - an uncursed ring of positive energy
 J - a +3 amulet of reflection (around neck)
 K - a ring of magical power (left hand)
 T - an uncursed ring of protection from magic
 V - a ring of see invisible (right hand)
Wands
 s - a wand of digging (6/24)
 v - a wand of acid (9/15)
 y - a wand of confusion (14/48)
 B - a wand of hasting (0/9)
 F - a wand of random effects (16/48)
 H - a wand of disintegration (13/24)
 N - a wand of lightning (2/15)
 R - a wand of digging (10/24)
 W - a wand of slowing (5/48)
Scrolls
 c - 4 scrolls of identify
 d - a scroll of recharging
 i - a scroll of fog
 m - a scroll of blinking
 o - 11 scrolls of remove curse
 r - 5 scrolls of amnesia
 C - 3 scrolls of enchant armour
 Q - a scroll of holy word
 Y - 3 scrolls of magic mapping
 Z - a scroll of teleportation
Potions
 n - a potion of agility
 t - 4 potions of might
 z - 7 potions of curing
 A - 7 potions of flight
 D - 5 potions of brilliance
 L - a potion of magic
 X - 2 potions of cancellation
Comestibles
 f - 12 meat rations
 l - 5 beef jerkies
 u - 9 slices of pizza


   Skills:
 + Level 11.0 Fighting
 + Level 12.5 Short Blades
 + Level 11.5 Crossbows
 - Level 1.3 Throwing
 + Level 9.1 Armour
 + Level 12.7 Dodging
 - Level 0.4 Stealth
 + Level 10.8 Spellcasting
 - Level 3.0 Charms
 * Level 13.9 Translocations
 + Level 1.8 Air Magic
 - Level 2.0 Poison Magic
 - Level 8.1 Invocations
 - Level 5.6 Evocations


You had 19 spell levels left.
You knew the following spells:

 Your Spells              Type           Power        Failure   Level  Hunger
a - Apportation           Tloc           ######....   1%          1    None
b - Blink                 Tloc           N/A          1%          2    None
c - Shroud of Golubria    Chrm/Tloc      #####.....   1%          2    None
d - Portal Projectile     Tloc           ######       1%          3    None
e - Teleport Other        Tloc           ######..     1%          3    None
f - Passage of Golubria   Tloc           N/A          1%          4    ##.....
g - Mephitic Cloud        Conj/Pois/Air  ##......     17%         3    None


Dungeon Overview and Level Annotations

Branches:
Dungeon (15/15)            Temple (1/1) D:6            Lair (6/6) D:9
  Swamp (2/4) Lair:2       Spider (0/4) Lair:3        Slime (0/5) Lair:6
    Orc (2/2) D:10            Elf (0/3) Orc:2        Vaults (0/5) D:14
 Depths (0/5) D:15

Altars:
Ashenzari
Cheibriados
Dithmenos
Elyvilon
Fedhas
Gozag
Hepliaklqana
Kikubaaqudgha
Makhleb
Nemelex Xobeh
Okawaru
Qazlal
Ru
Sif Muna
Trog
Uskayaw
Vehumet
Xom
Yredelemnul
Zin
The Shining One
Jiyva

Shops:
D:8 (   D:10 }   D:14 }   Orc:1 ?   Orc:2 [*(:

Annotations:
D:5 aesoa's ghost, novice TrMo


Innate Abilities, Weirdness & Mutations

You are small and have problems with some larger weapons.
You are carnivorous and can eat meat at any time.


Message History

The six-headed hydra is almost dead.
Firing (i - inventory):
k - 204 bolts (quivered)
Press: ? - help, Shift-Dir - straight line, f/p - six-headed hydra
Aim: a six-headed hydra (water, almost dead, poisoned)
You shoot a bolt. The bolt hits the six-headed hydra.
The six-headed hydra is almost dead.
You hear a splash.
Firing (i - inventory):
k - 203 bolts (quivered)
Press: ? - help, Shift-Dir - straight line, f/p - six-headed hydra
Aim: a six-headed hydra (almost dead, poisoned)
You shoot a bolt.
The bolt barely misses the six-headed hydra.
You hear a splash.
You block the six-headed hydra's attack.
The six-headed hydra closely misses you.
The six-headed hydra bites you!
* * * LOW HITPOINT WARNING * * *
The six-headed hydra closely misses you.
The six-headed hydra bites you!
You die...

≈♣..♣♣..♣ ♣...♣♣♣♣..≈.≈≈≈≈.♣♣..
≈.≈♣♣♣).♣♣ ♣♣≈≈...≈..≈≈)≈.≈≈≈...♣
≈≈≈♣ ♣...♣ ♣.≈≈§≈.≈≈≈≈..♣♣.≈≈♣..♣
.≈.♣♣♣.♣.♣ ♣.≈≈≈≈>≈♣≈..♣♣♣≈≈.♣♣..
≈≈.♣♣.♣♣.♣♣♣≈≈≈≈..≈..♣♣♣♣..≈.♣♣♣.
≈≈..♣♣.....♣..≈≈≈≈≈.♣♣ ♣....♣ ♣♣
..♣.♣♣♣.≈§≈.≈.≈≈≈≈..♣ ♣.≈.♣♣
≈....♣♣((≈≈.≈≈.....♣♣ ♣♣...♣
≈≈≈≈.≈((.(...≈≈D@.♣♣ ♣...♣♣
≈≈≈≈.≈(≈≈≈≈≈≈≈≈≈≈≈♣ ♣♣...♣
..≈)≈≈...≈≈≈≈.≈≈.♣♣ ♣♣....♣
≈≈≈>♣≈.≈......≈.♣♣ ♣♣.≈..♣♣
♣≈≈.≈≈.≈≈.♣♣§≈≈.♣♣ ♣♣..≈.♣.♣
≈≈≈....≈≈.♣♣....(♣ ♣...≈..♣♣
≈...♣≈.≈.♣♣♣♣.≈≈.♣♣♣.≈...♣♣
..≈§≈≈.§.♣ ♣..≈..♣..♣♣..♣
.≈≈.♣≈≈≈♣♣ ♣♣.≈≈.=..♣♣.♣♣


You could see a six-headed hydra.

Vanquished Creatures
  Rupert (D:15)
  2 orc warlords
  The ghost of Ellandar the Minotaur Blade, a journeyman MiBe of Trog (Orc:2)
  Nessos (D:13)
  An ettin (D:15)
  2 ogre magi
  16 hydras
  A catoblepas (Lair:6)
  A ghost crab (Swamp:1)
  2 centaur warriors (D:15)
  2 dancing weapons (D:14)
  9 alligators (Swamp:1)
  A death knight (D:12)
  11 death yaks
  A deep troll shaman (Lair:6)
  5 orc high priests (Orc:2)
  Sonja (Lair:4)
  A shambling mangrove (Swamp:1)
  4 swamp dragons
  2 deep trolls
  9 hill giants
  12 orc knights
  An orb spider (Lair:3)
  18 ugly things
  7 orc sorcerers
  A deep elf mage (D:13)
  A griffon (Lair:6)
  A manticore (D:15)
  A cyclops (D:14)
  16 elephants
  4 black mambas
  A torpor snail (Lair:6)
  Maurice (D:13)
  2 gargoyles (D:14)
  2 centaur skeletons
  15 spiny frogs
  An efreet (D:14)
  4 rime drakes
  7 komodo dragons
  2 ice devils (D:11)
  A tengu conjurer (D:14)
  4 trolls
  4 two-headed ogres
  Grinder (D:3)
  2 polar bears
  10 slime creatures (D:14)
  A giant leech (Swamp:1)
  10 blink frogs
  A harpy skeleton (D:15)
  4 bog bodies
  2 centaur simulacra
  Sigmund (D:3)
  3 shadows
  2 vampires
  A wraith (D:13)
  24 yaks
  A spriggan (Swamp:1)
  2 steam dragons (D:13)
  6 basilisks
  4 hungry ghosts
  Grum (D:9)
  6 hippogriffs
  9 insubstantial wisps (Swamp:1)
  4 wargs
  21 vampire mosquitoes
  A mottled dragon (D:14)
  A soldier ant (D:11)
  12 swamp worms
  14 water moccasins
  8 porcupines
  4 swamp drakes
  43 orc warriors
  7 black bears
  10 phantoms
  5 wasps (Swamp:1)
  8 sky beasts
  5 ice beasts
  12 ogres
  33 wolves
  16 centaurs
  12 crocodiles
  2 elf zombies (D:9)
  5 big kobolds
  17 giant frogs
  2 wyvern skeletons
  7 scorpions
  A troll zombie (D:10)
  11 wights
  4 killer bees
  5 howler monkeys
  7 electric eels
  7 crimson imps
  6 centaur zombies
  A giant frog zombie (D:12)
  A quasit (D:11)
  4 giant frog skeletons
  7 hounds
  3 jellies
  30 orc priests
  A wyvern simulacrum (D:11)
  A gnoll shaman (D:4)
  5 human zombies (D:9)
  A human skeleton (D:9)
  8 worker ants
  Natasha (thrice) (D:3)
  8 iguanas
  36 orc wizards
  A hell rat (Lair:6)
  7 sheep
  5 ogre zombies (D:10)
  A giant frog simulacrum (D:11)
  4 hound zombies
  2 hound skeletons
  A mummy (D:9)
  Robin (D:3)
  2 worker ant zombies
  A howler monkey skeleton (D:4)
  16 gnolls
  5 adders
  A hound simulacrum (D:11)
  74 river rats
  5 shadow imps
  2 white imps (D:11)
  A worker ant simulacrum (D:11)
  2 ufetubi (D:11)
  An ooze (D:1)
  3 adder skeletons
  A worm (D:2)
  2 dart slugs
  10 giant geckos
  108 orcs
  2 ball pythons (D:3)
  A bat (D:3)
  3 giant cockroaches
  18 goblins
  12 hobgoblins
  22 jackals
  12 kobolds
  4 quokkas
  A ball python skeleton (D:5)
  A giant gecko skeleton (D:4)
  A giant gecko zombie (D:7)
  6 giant newts
  2 goblin skeletons (D:10)
  A hobgoblin skeleton (D:10)
  3 hobgoblin zombies (D:10)
  A jackal skeleton (D:4)
  A jackal zombie (D:5)
  5 orc skeletons
  9 orc zombies (D:10)
  A quokka zombie (D:5)
  3 rats
  3 fungi
  3 plants
1041 creatures vanquished.

Vanquished Creatures (others)
  A centaur (D:9)
  19 fungi
  14 plants
34 creatures vanquished.

Grand Total: 1075 creatures vanquished

Notes
Turn   | Place    | Note
-------+----------+-------------------------------------------
     0 | D:1      | AlphabetPasta the Kobold Warper began the quest for the Orb.
     0 | D:1      | Reached XP level 1. HP: 12/12 MP: 3/3
   291 | D:1      | Reached XP level 2. HP: 17/17 MP: 5/5
   295 | D:1      | Learned a level 2 spell: Blink
   298 | D:1      | Learned a level 2 spell: Shroud of Golubria
   471 | D:1      | Reached XP level 3. HP: 13/22 MP: 6/6
   653 | D:2      | Learned a level 2 spell: Shroud of Golubria
   699 | D:2      | Reached skill level 1 in Armour
  1112 | D:2      | Reached XP level 4. HP: 26/27 MP: 5/7
  1412 | D:3      | Reached skill level 1 in Charms
  1420 | D:3      | Noticed Natasha
  1437 | D:3      | Killed Natasha
  1437 | D:3      | Reached XP level 5. HP: 13/32 MP: 6/8
  1633 | D:3      | Noticed Sigmund
  1645 | D:3      | Killed Sigmund
  1645 | D:3      | Reached XP level 6. HP: 37/37 MP: 8/10
  1711 | D:3      | Found a faded altar of an unknown god.
  1773 | D:3      | Noticed Natasha
  1784 | D:3      | Killed Natasha
  1784 | D:3      | Reached skill level 4 in Translocations
  1848 | D:3      | Reached XP level 7. HP: 38/41 MP: 7/11
  1957 | D:3      | Noticed Natasha
  2006 | D:3      | Killed Natasha
  2255 | D:3      | Noticed Grinder
  2260 | D:3      | Paralysed by Grinder for 6 turns
  2302 | D:3      | Paralysed by Grinder for 3 turns
  2326 | D:3      | Killed Grinder
  2623 | D:3      | Noticed Robin
  2636 | D:3      | Killed Robin
  2964 | D:4      | Reached XP level 8. HP: 48/48 MP: 10/13
  2969 | D:4      | Learned a level 3 spell: Portal Projectile
  3069 | D:4      | Found a burning altar of Makhleb.
  3080 | D:4      | Found a blossoming altar of Fedhas.
  3083 | D:4      | Found a shattered altar of Ashenzari.
  3103 | D:4      | Found a hide-covered altar of Uskayaw.
  3126 | D:4      | You fall through a shaft!
  3126 | D:5      | Entered Level 5 of the Dungeon
  3203 | D:5      | Noticed aesoa's ghost (novice TrMo)
  3250 | D:5      | Found a radiant altar of Vehumet.
  3370 | D:4      | Learned a level 3 spell: Teleport Other
  3839 | D:5      | Reached skill level 5 in Translocations
  4039 | D:5      | Reached skill level 5 in Short Blades
  4749 | D:5      | Reached skill level 5 in Dodging
  4749 | D:5      | Reached XP level 9. HP: 29/52 MP: 8/14
  5176 | D:5      | Reached skill level 5 in Fighting
  5176 | D:5      | Reached skill level 6 in Translocations
  5750 | D:6      | Found a staircase to the Ecumenical Temple.
  5779 | Temple   | Entered the Ecumenical Temple
  5922 | Temple   | Became a worshipper of Warmaster Okawaru
  6308 | D:6      | Reached skill level 1 in Invocations
  6534 | D:6      | Reached * piety under Okawaru
  6539 | D:6      | Found a stormy altar of Qazlal.
  6956 | D:7      | Reached XP level 10. HP: 59/59 MP: 17/17
  6997 | D:7      | Found a sacrificial altar of Ru.
  7456 | D:7      | Reached skill level 7 in Translocations
  7474 | D:7      | Found a white marble altar of Elyvilon.
  7730 | D:8      | Reached ** piety under Okawaru
  7730 | D:8      | Reached skill level 5 in Spellcasting
  7757 | D:8      | Found Uckowail's Antique Weapon Boutique.
  7760 | D:8      | Bought a hand crossbow for 105 gold pieces
  7924 | D:8      | Reached skill level 1 in Crossbows
  8148 | D:8      | Found a snail-covered altar of Cheibriados.
  8217 | D:8      | Found a bloodstained altar of Trog.
  8958 | D:9      | Noticed Grum
  9128 | D:9      | Noticed a komodo dragon
  9150 | D:9      | Killed a komodo dragon
  9150 | D:9      | Reached *** piety under Okawaru
  9161 | D:9      | Killed Grum
  9164 | D:9      | Reached XP level 11. HP: 29/64 MP: 17/19
  9885 | D:9      | Found a staircase to the Lair.
 10249 | D:9      | Reached skill level 5 in Crossbows
 10273 | D:9      | Found a basalt altar of Yredelemnul.
 10293 | D:9      | Received a gift from Okawaru
 10523 | D:10     | Entered Level 10 of the Dungeon
 10683 | D:10     | Got a scintillating brass amulet
 10684 | D:10     | Identified the amulet of Fallacy {Spirit rPois rF- Int+2 Stlth+} (You found it on level 10 of the Dungeon)
 10810 | D:10     | Found a staircase to the Orcish Mines.
 11063 | D:10     | Reached skill level 5 in Armour
 11074 | D:10     | Reached **** piety under Okawaru
 11082 | D:10     | Received a gift from Okawaru
 11613 | D:10     | Found Geuwk's Gadget Boutique.
 11705 | D:10     | Reached skill level 8 in Translocations
 11725 | D:10     | Received a gift from Okawaru
 12076 | D:10     | Received a gift from Okawaru
 12103 | D:10     | Reached skill level 5 in Invocations
 12128 | D:10     | Noticed a three-headed hydra
 12357 | D:10     | Killed a three-headed hydra
 12480 | D:10     | Upgraded the game from 0.19-a0-1183-gcd7e582 to 0.19-a0-1188-g4c2e17c
 12566 | D:11     | Reached ***** piety under Okawaru
 12743 | D:11     | Reached XP level 12. HP: 59/70 MP: 14/22
 12754 | D:11     | Received a gift from Okawaru
 14798 | Lair:1   | Entered Level 1 of the Lair of Beasts
 15443 | Lair:1   | Learned a level 4 spell: Passage of Golubria
 16199 | Lair:2   | Found a staircase to the Swamp.
 16311 | Lair:2   | Reached skill level 9 in Translocations
 17061 | Lair:3   | Noticed a six-headed hydra
 17084 | Lair:3   | Killed a six-headed hydra
 17084 | Lair:3   | Received a gift from Okawaru
 17110 | Lair:3   | Got a transparent scale mail {god gift}
 17121 | Lair:3   | Identified the +1 scale mail of the Poles {Dex+3} (Okawaru gifted it to you on level 3 of the Lair of Beasts)
 17161 | Lair:3   | Noticed a seven-headed hydra
 17186 | Lair:3   | Killed a seven-headed hydra
 17267 | Lair:3   | Noticed a six-headed hydra
 17281 | Lair:3   | Killed a six-headed hydra
 17281 | Lair:3   | Reached XP level 13. HP: 67/76 MP: 7/24
 17633 | Lair:3   | Found a hole to the Spider Nest.
 19375 | Lair:4   | Noticed a five-headed hydra
 19390 | Lair:4   | Killed a five-headed hydra
 19390 | Lair:4   | Reached skill level 10 in Translocations
 19709 | Lair:4   | Noticed Sonja
 19729 | Lair:4   | Killed Sonja
 20315 | Lair:5   | Reached skill level 10 in Dodging
 20834 | Lair:5   | Received a gift from Okawaru
 21209 | Lair:6   | Entered Level 6 of the Lair of Beasts
 21288 | Lair:5   | Received a gift from Okawaru
 21708 | Lair:5   | Reached XP level 14. HP: 46/84 MP: 24/26
 22192 | Lair:6   | Received a gift from Okawaru
 22891 | Lair:6   | Received a gift from Okawaru
 22937 | Lair:6   | Reached skill level 10 in Short Blades
 23112 | Lair:6   | Found a viscous altar of Jiyva.
 23137 | Lair:6   | Found a staircase to the Slime Pits.
 23668 | Lair:5   | Reached skill level 11 in Translocations
 23828 | Lair:5   | Upgraded the game from 0.19-a0-1188-g4c2e17c to 0.19-a0-1193-g2641e52
 24316 | Lair:6   | Reached skill level 1 in Evocations
 24837 | Lair:6   | Received a gift from Okawaru
 24857 | Lair:6   | Got a jewelled dagger {god gift}
 24858 | Lair:6   | Identified the +6 dagger of Success {holy, rC+} (Okawaru gifted it to you on level 6 of the Lair of Beasts)
 26409 | Lair:5   | Reached ****** piety under Okawaru
 27135 | Lair:6   | Reached XP level 15. HP: 80/90 MP: 17/27
 27161 | Lair:6   | Received a gift from Okawaru
 28209 | Orc:1    | Entered Level 1 of the Orcish Mines
 29752 | D:10     | HP: 2/91 [orc sorcerer/bolt of fire (30)]
 30384 | Orc:1    | Reached skill level 10 in Crossbows
 30468 | Orc:1    | Found Kazxavvof's Magic Scroll Boutique.
 30494 | Orc:1    | Received a gift from Okawaru
 30641 | Orc:1    | Noticed an orc warlord
 31095 | D:10     | Killed an orc warlord
 31095 | D:10     | Reached skill level 12 in Translocations
 31485 | Orc:1    | Bought a scroll of recharging for 161 gold pieces
 31485 | Orc:1    | Bought a scroll of holy word for 127 gold pieces
 32034 | Orc:1    | Found a shimmering altar of Xom.
 32389 | Orc:2    | Entered Level 2 of the Orcish Mines
 32731 | Orc:2    | Found a staircase to the Elven Halls.
 33264 | Orc:2    | Received a gift from Okawaru
 33287 | Orc:2    | Noticed Ellandar's ghost (journeyman MiBe)
 33455 | Orc:2    | Killed Ellandar's ghost
 33739 | Orc:2    | Noticed an orc warlord
 33777 | Orc:2    | Gained mutation: You have large cloven feet. [a neqoxec]
 34179 | Orc:2    | Received a gift from Okawaru
 34179 | Orc:2    | Reached skill level 10 in Fighting
 34240 | Orc:2    | Reached skill level 5 in Evocations
 34333 | Orc:2    | Killed an orc warlord
 34596 | Orc:2    | Found Tamyanall's General Store.
 34597 | Orc:2    | Found Malemodo's Book Boutique.
 34598 | Orc:2    | Found Goruhih's Antique Armour Shop.
 34598 | Orc:2    | Found Doki's Antique Weapon Shop.
 34602 | Orc:2    | Bought a black opal-encrusted ring mail for 216 gold pieces
 34612 | Orc:2    | Identified the +3 ring mail "Eceluck" {rElec Str+7 Int-5} (You bought it in a shop on level 2 of the Orcish Mines)
 34633 | Orc:2    | Bought a scroll of identify for 32 gold pieces
 35158 | D:12     | Found a blossoming altar of Fedhas.
 35254 | D:12     | Reached XP level 16. HP: 97/97 MP: 29/29
 35280 | D:12     | Got an opalescent robe
 35291 | D:12     | Identified the +2 robe of the Thunderstorm {rPois rF+++ rC++ MP-9} (You found it on level 12 of the Dungeon)
 36008 | D:13     | Received a gift from Okawaru
 36103 | D:13     | Noticed Maurice
 36106 | D:13     | Killed Maurice
 36531 | D:13     | Noticed Nessos
 36547 | D:13     | Killed Nessos
 36942 | D:13     | Received a gift from Okawaru
 37308 | D:14     | Reached skill level 10 in Spellcasting
 37603 | D:14     | Found Tiurihum's Gadget Shoppe.
 38049 | D:14     | Reached skill level 13 in Translocations
 38342 | D:14     | Found a gate to the Vaults.
 38597 | D:14     | Received a gift from Okawaru
 38872 | D:14     | Upgraded the game from 0.19-a0-1193-g2641e52 to 0.19-a0-1195-ge0bab27
 38912 | D:15     | Entered Level 15 of the Dungeon
 38928 | D:15     | Noticed Rupert
 38947 | D:15     | Killed Rupert
 39431 | D:15     | Gained mutation: You have very sharp teeth. [potion of beneficial mutation]
 39432 | D:15     | Gained mutation: You have a pair of small horns on your head. [potion of beneficial mutation]
 39538 | D:15     | Received a gift from Okawaru
 39595 | D:15     | Received a gift from Okawaru
 39621 | D:15     | Got a smoking hat {god gift}
 39627 | D:15     | Identified the +0 hat of Truth {Str-2 Int+5} (Okawaru gifted it to you on level 15 of the Dungeon)
 39998 | D:15     | Found a staircase to the Depths.
 40058 | D:15     | Found a shadowy altar of Dithmenos.
 40270 | D:15     | Learned a level 3 spell: Mephitic Cloud
 40361 | D:15     | Reached XP level 17. HP: 103/103 MP: 26/31
 40746 | Swamp:1  | Entered Level 1 of the Swamp
 40794 | Swamp:1  | Lost mutation: You have large cloven feet. [potion of cure mutation]
 40794 | Swamp:1  | Lost mutation: You have a pair of small horns on your head. [potion of cure mutation]
 40794 | Swamp:1  | Lost mutation: You have very sharp teeth. [potion of cure mutation]
 40900 | Swamp:1  | Reached skill level 1 in Poison Magic
 43224 | Swamp:1  | Reached skill level 1 in Air Magic
 44111 | Swamp:1  | Upgraded the game from 0.19-a0-1195-ge0bab27 to 0.19-a0-1200-g056e253
 44344 | Swamp:1  | HP: 1/104 [alligator (11)]
 44964 | Swamp:1  | Slain by a six-headed hydra

Vault maps used:
D:1:      noname_arrival_rooms_in_the_neighbourhood, hangedman_decor_slide_cut
D:2:      kennysheep_big_flooded_room, first_bread
D:3:      ecumenical_altar_2, guppyfry_early_orc_mine, uniq_sigmund,
          uniq_grinder, uniq_natasha, uniq_robin
D:4:      grunt_temple_overflow_cloverleaf
D:5:      vehumet_crystals, hex_tiny
D:6:      lemuel_round_altar
D:7:      old_standard_altar, nicolae_overflow_hidden_temple
D:8:      kennysheep_little_box, serial_shops, nicolae_shop_behind_doors,
          basic_altar, kennysheep_small_circle
D:9:      lemuel_mausoleum_altar_yredelemnul, david_lair_shrubbed, uniq_grum
D:10:     zombieorc1_lemuel, serial_shops,
          nicolae_shop_temple_entry_statues_fountains, hangedman_ranch,
          kennysheep_generic_room_10
D:11:     portal_ice_cave_demonic_guard, serial_ice, serial_ice_l, serial_ice_h,
          serial_ice_m, serial_ice_b, serial_ice_o, serial_ice_d
D:12:     glass_columns_a, fedhas_altar_3
D:13:     minmay_lizard_king, uniq_maurice, uniq_nessos
D:14:     erik_vaults_1, serial_shops, shop, solitary_fountain
D:15:     hangedman_depths_entry_civil_slaughter, grunt_decor_one_mirror,
          serial_park_tiny_1, grunt_dithmenos_smoke_and_mirrors, uniq_rupert
Temple:   jpeg_temple_clearing
Lair:1:   lemuel_fruit_fields, grunt_megastairs_1
Lair:2:   nicolae_swamp_entry_splash_gauntlet
Lair:3:   nicolae_spider_entry_orb_guardian, serial_bayou_pond_b,
          nicolae_quartered_pool_little, grunt_megastairs_2
Lair:4:   st_stairs_7, uniq_sonja
Lair:5:   nicolae_lair_grove_arrangements
Lair:6:   grunt_lair_end_beastmaster, slime_altar_1,
          nicolae_volcano_entry_two_sided, serial_bayou_pond_a,
          nicolae_quartered_pool_super, serial_bayou_pond_b,
          grunt_forest_large_clearings
Swamp:1:  evilmike_swamp_ruin_house_3, swamp_pool1, st_swamp_ruins_1
Swamp:2:  nicolae_swamp_very_dense_foliage
Orc:1:    basic_altar, guppyfry_orc_lava_fort
Orc:2:    st_orc_congregation

Skill      XL: |  1  2  3  4  5  6  7  8  9 10 11 12 13 14 15 16 17 |
---------------+----------------------------------------------------+-----
Short Blades   | 3 4 5 6 7 8 9 10 11 12 | 12.5
Armour         | 1 2 3 4 5 6 7 8 9 |  9.1
Charms         | 1 2 3 |  3.0
Dodging        | 3 4 5 7 8 9 10 11 12 | 12.7
Fighting       | 3 4 5 6 7 8 9 10 11 | 11.0
Translocations | 4 5 6 7 8 9 10 11 12 13 | 13.9
Spellcasting   | 3 4 5 6 7 8 9 10 | 10.8
Invocations    | 2 3 5 6 7 8 |  8.1
Crossbows      | 4 7 8 9 10 11 | 11.5
Evocations     | 3 5 |  5.6
Poison Magic   | 2 |  2.0
Air Magic      | 1 |  1.8
Throwing       | |  1.3
Stealth        | |  0.4

Action                   |  1- 3 |  4- 6 |  7- 9 | 10-12 | 13-15 | 16-18 || total
-------------------------+-------+-------+-------+-------+-------+-------++-------
Melee: Short sword       |   112 |   130 |   414 |     7 |       |       ||   663
       Dagger            |       |       |   481 |    74 |    68 |   164 ||   787
       Rapier            |       |       |       |  1074 |  1503 |   426 ||  3003
       Falchion          |       |       |       |    92 |    20 |    33 ||   145
       Punch             |       |       |       |     3 |     5 |     5 ||    13
       Headbutt          |       |       |       |       |       |     7 ||     7
       Bite              |       |       |       |       |       |     5 ||     5
 Fire: Hand crossbow     |       |       |       |   309 |   464 |       ||   773
       Arbalest          |       |       |       |       |   434 |   585 ||  1019
Throw: Tomahawk          |       |       |       |     5 |       |       ||     5
       Throwing net      |       |       |       |     1 |     2 |       ||     3
 Cast: Shroud of Golubri |     3 |     5 |    62 |   130 |   182 |    76 ||   458
       Blink             |       |       |     1 |    21 |   124 |    31 ||   177
       Portal Projectile |       |       |       |     4 |    31 |    27 ||    62
       Teleport Other    |       |       |       |       |     5 |     6 ||    11
       Passage of Golubr |       |       |       |       |     5 |     1 ||     6
Invok: Heroism           |       |       |       |     7 |    23 |    10 ||    40
       Finesse           |       |       |       |       |     1 |     1 ||     2
Evoke: Wand              |       |       |       |     6 |     8 |     2 ||    16
  Use: Scroll            |     8 |     2 |    10 |    11 |    12 |    11 ||    54
       Potion            |     1 |     1 |     3 |     3 |     7 |     7 ||    22
 Stab: Sleeping          |       |       |       |    17 |       |       ||    17
       Held in net/web   |       |       |       |     1 |     1 |       ||     2
       Petrifying        |       |       |       |       |     1 |       ||     1
       Petrified         |       |       |       |       |     1 |       ||     1
  Eat: Chunk             |     9 |     4 |    22 |    45 |    61 |    31 ||   172
Armor: Ring mail         |    15 |    42 |   252 |   283 |   342 |       ||   934
       Leather armour    |     1 |       |       |       |       |       ||     1
       Robe              |       |       |       |       |       |    92 ||    92
Dodge: Dodged            |    54 |    70 |   481 |   867 |  1290 |   759 ||  3521
Block: Other             |       |       |       |       |   113 |    84 ||   197
       Reflection        |       |       |       |       |     1 |     1 ||     2
